 Dungeon Crawl Stone Soup version 0.25-a0-869-g05d4e06a41 (webtiles) character file.

Game seed: 3354714307271695712, levelgen mode: deterministic

100 Maedhros the Insei (level 4, 0/34 HPs)
             Began as an Octopode Chaos Knight on May 1, 2020.
             Was a Plaything of Xom.
             Slain by a goblin (4 damage)
             ... on level 3 of the Dungeon.
             The game lasted 00:01:05 (1675 turns).

Maedhros the Insei (Octopode Chaos Knight)          Turns: 1675, Time: 00:01:06

Health: 0/34       AC:  1    Str: 11    XL:     4   Next: 74%
Magic:  4/4        EV: 13    Int: 14    God:    Xom [..*...]
Gold:   81         SH:  0    Dex: 12    Spells: 3/3 levels left

rFire    + . .     SeeInvis .     - Unarmed
rCold    . . .     Gourm    .   (no shield)
rNeg     . . .     Faith    .   (helmet restricted)
rPois    .         Spirit   .   (no amulet)
rElec    .         Reflect  .   (no ring)
rCorr    .         Harm     .   (no ring)
MR       .....                  (no ring)
Stlth    ++........             (no ring)
HPRegen  0.11/turn              (no ring)
MPRegen  0.09/turn              (no ring)
                                (no ring)
                                (no ring)

@: hasted, very quick
A: almost no armour, stealthy swim, amphibious, 8 rings, constrict 8, camouflage
1, fire resistance 1, robust 1, gelatinous body 1
a: Renounce Religion


You were on level 3 of the Dungeon.
You worshipped Xom.
You were a toy of Xom.
You were not hungry.

You visited 1 branch of the dungeon, and saw 3 of its levels.

You collected 81 gold pieces.

Inventory:

Scrolls
 c - a scroll of blinking {unknown}
 d - 2 scrolls of remove curse {unknown}
 f - a scroll of amnesia {unknown}
 i - a scroll of fear {unknown}
 j - a scroll of noise {unknown}
Potions
 b - a potion of haste
 e - a potion of lignification {unknown}
 g - a potion of curing {unknown}
 h - 2 potions of mutation
Comestibles
 a - 3 rations


   Skills:
 - Level 3.0 Fighting
 - Level 2.3 Dodging
 + Level 5.3 Unarmed Combat


You had 3 spell levels left.
You didn't know any spells.
Your spell library was empty.

Dungeon Overview and Level Annotations

Branches:
Dungeon (3/15)

Altars:


Innate Abilities, Weirdness & Mutations

You cannot wear most types of armour.
You are very stealthy in the water. (Stealth+)
You are amphibious.
You can wear up to eight rings at the same time.
You can use your tentacles to constrict eight enemies at once.
Your skin changes colour to match your surroundings (Stealth+).
Your rubbery body absorbs attacks. (AC +1, EV +1)
Your flesh is heat resistant. (rF+)
You are robust. (+10% HP)


Message History

The orc wizard is almost dead.
You constrict the orc wizard. The bat closely misses you. The goblin hits you.
* * * LOW HITPOINT WARNING * * *
The orc wizard hits you with a +0 dagger.
* * * LOW HITPOINT WARNING * * *
The bat hits you.
* * * LOW HITPOINT WARNING * * *
It was a potion of mutation.
You feel extremely strange.
You feel resistant to heat.
You feel robust.
Xom thinks this is hilarious!
You constrict the orc wizard.
You kill the orc wizard!
The bat hits you but does no damage. The bat closely misses you.
The goblin completely misses you.
An orc comes into view. It is wielding a +4 flail.
It was a potion of haste.
You feel yourself speed up. The bat hits you but does no damage.
The goblin barely misses you.
You barely miss the goblin. Your grab misses the goblin. The goblin hits you.
You die... "This toy is broken."

#.#.### #.#
#.....# #+#
###.#.#
#.#.#
###'#.####.
#........o.
#....######
#....##.#
#..b@').#
#..g)##.#
......<..
..
#######.#.
## ..#..
... .. ...#
..# #### .#


You could see a goblin and a bat.

Vanquished Creatures
  An orc wizard (D:3)
  3 adders
  A worm (D:2)
  A dart slug (D:1)
  A leopard gecko (D:1)
  4 orcs (D:3)
  2 giant cockroaches
  2 goblins
  8 hobgoblins
  A quokka (D:3)
  3 bats
  A frilled lizard (D:3)
  2 kobolds
  4 rats
34 creatures vanquished.

Notes
Turn   | Place    | Note
-------+----------+-------------------------------------------
     0 | D:1      | Maedhros the Octopode Chaos Knight began the quest for the
                  | Orb.
     0 | D:1      | Reached XP level 1. HP: 16/16 MP: 1/1
    20 | D:1      | XOM: divination: detect creatures
   154 | D:1      | XOM: butterfly on damage
   157 | D:1      | Reached XP level 2. HP: 10/21 MP: 2/2
   437 | D:1      | XOM: silly message
   546 | D:1      | XOM: silly message
   750 | D:2      | Reached skill level 4 in Unarmed Combat
   750 | D:2      | Reached XP level 3. HP: 23/26 MP: 3/3
  1274 | D:3      | Reached XP level 4. HP: 18/31 MP: 4/4
  1668 | D:3      | Reached skill level 5 in Unarmed Combat
  1673 | D:3      | Gained mutation: Your flesh is heat resistant. (rF+)
                  | [potion of mutation]
  1673 | D:3      | Gained mutation: You are robust. (+10% HP) [potion of
                  | mutation]
  1675 | D:3      | Slain by a goblin

Levels and vault maps discovered:
D:1:      nagdon_arrival_double_spiral, layout_loops_ring
D:2:      layout_loops_ring, minmay_goblin_outpost
D:3:      layout_basic, marbit_many_paths, minitemple, first_ration,
          minmay_fractal_squares_diagonal_5

Skill      XL: |  1  2  3  4 |
---------------+-------------+-----
Unarmed Combat | 4 5 |  5.3
Fighting       | |  3.0
Dodging        | |  2.3

Action                   |  1- 3 |  4- 6 || total
-------------------------+-------+-------++-------
Melee: Unarmed           |    57 |    21 ||    78
       Constrict         |    14 |     4 ||    18
       Tentacles         |    10 |     4 ||    14
       Punch             |     1 |     1 ||     2
  Use: Potion            |       |     2 ||     2
 Stab: Sleeping          |     6 |     1 ||     7
  Eat: Chunk             |     1 |     1 ||     2
Armor: Skin              |     2 |     6 ||     8
Dodge: Dodged            |    26 |    23 ||    49

Table legend:
 A = Non-vault XP
 B = Vault XP
 C = Vault XP percentage of total XP
 D = Non-vault monster count
 E = Vault monster count
 F = Vault count percentage of total count
                 A         B        C        D         E       F
            +---------+---------+-------+---------+---------+-------
      Total |     112 |      32 |  22.2 |      29 |       5 |  14.7
            +---------+---------+-------+---------+---------+-------
        D:1 |      20 |       0 |   0.0 |      10 |       0 |   0.0
        D:2 |      26 |       0 |   0.0 |       6 |       0 |   0.0
        D:3 |      66 |      32 |  32.7 |      13 |       5 |  27.8
            +---------+---------+-------+---------+---------+-------
